AoeStats
← Kommandat-hita

Arena

509886634Analyzed
2v2 RM · 4d ago on Sep 28, 2026· 35m 12s· 4 players
Game mode
Random Map
Map size
Medium (4 player)
Population
200
Speed
Normal
Resources
Standard
Victory
Conquest
Starting age
Dark Age
Ending age
Imperial Age
RankedLock teamsTeams togetherTeam positionsShared explorationLock speedFull tech treeHidden civsTurbo modeCheats
Victory
Defeat
🇫🇷 Poles · France
945
+19
🇵🇪 Malians · Peru
936
+19
🇩🇪 Aztecs · Germany
1000
-58
🇩🇪 Khmer · Germany
1000
-58
Titou
11:13 Feudal Age
15:49 Castle Age
13:43 Double-Bit Axe
14:41 Man-at-Arms
15:48 Forging
15:45 Horse Collar
16:22 Scale Mail Armor
22:30 Bow Saw
22:27 Fletching
22:34 Long Swordsman
24:14 Wheelbarrow
24:33 Squires
25:36 Iron Casting
25:17 Heavy Plow
25:46 Gold Mining
26:03 Town Watch
26:44 Chain Mail Armor
26:47 Bodkin Arrow
27:40 Redemption
28:12 Hand Cart
31:52 Imperial Age
29:35 Murder Holes
29:52 Masonry
29:34 Treadmill Crane
30:07 Masonry
30:27 Town Patrol
33:36 Blast Furnace
33:09 Plate Mail Armor
32:03 Two-Handed Swordsman
32:32 Loom
34:58 Conscription
33:59 Elite Obuch
34:18 Capped Ram
35:33 Ballistics
35:16 Bracer
35:50 Crop Rotation
34:53 Champion
Cucharita
11:19 Feudal Age
16:57 Castle Age
14:56 Double-Bit Axe
15:06 Horse Collar
16:06 Gold Mining
25:05 Forging
26:13 Wheelbarrow
26:35 Scale Mail Armor
26:49 Husbandry
28:13 Iron Casting
28:26 Squires
28:05 Pikeman
29:21 Chain Mail Armor
30:36 Scale Barding Armor
31:59 Chain Barding Armor
32:02 Hand Cart
31:35 Loom
33:11 Bloodlines
33:45 Town Watch
34:47 Heavy Plow
37:21 Imperial Age
Aqura
13:28 Feudal Age
15:39 Gold Mining
19:31 Horse Collar
21:20 Wheelbarrow
21:18 Double-Bit Axe
26:05 Castle Age
28:00 Scale Barding Armor
27:58 Scale Mail Armor
28:59 Hand Cart
29:23 Gold Shaft Mining
29:01 Bow Saw
29:42 Loom
33:22 Pikeman
34:41 Pikeman
Kommandat-hita
1:06 Loom
12:06 Feudal Age
12:35 Town Watch
15:13 Horse Collar
17:58 Wheelbarrow
19:39 Arson
21:20 Double-Bit Axe
23:51 Scale Mail Armor
23:51 Padded Archer Armor
24:03 Forging
25:25 Fletching
31:48 Castle Age
31:47 Stone Mining
31:47 Gold Mining
32:31 Eagle Warrior
34:27 Gambesons
34:03 Man-at-Arms
Connection lost

Rejoining the realm…

Still unreachable

The connection could not be restored.

Session expired

The server has moved on; the page needs a fresh start.